[Event "HWT 2010"]
[Site "?"]
[Date "2010.01.10"]
[Round "5"]
[White "Fege, Julian"]
[Black "Lischeid, Kilian"]
[Result "1-0"]
[ECO "C78"]
[WhiteElo "1103"]
[BlackElo "1168"]
[PlyCount "117"]
[EventDate "2010.??.??"]
[TimeControl "40/7200:20/3600:1800"]

{185MB, Fritz8.ctg, PC} 1. e4 e5 2. Nf3 Nc6 3. Bb5 a6 4. Ba4 Bc5 5. O-O Nf6 6.
Re1 O-O 7. c3 Re8 8. Bc2 d6 9. h3 d5 10. d3 Qe7 11. Bg5 Rd8 12. Qe2 d4 13. cxd4
Nxd4 14. Nxd4 Bxd4 15. Nc3 b5 16. Bb3 Be6 17. Bxe6 fxe6 18. Rac1 Rf8 19. Be3
Rac8 20. Qd2 b4 21. Ne2 Bxe3 22. Qxe3 Nh5 23. Rf1 Nf4 24. Nxf4 Rxf4 25. d4 Qf6
26. dxe5 Qxe5 27. Rc5 Qd6 28. Rfc1 Rf7 29. Rc6 Qe5 30. Qe2 a5 31. R6c5 Qd6 32.
Rxa5 Rd7 33. Rac5 Qd2 34. Qxd2 Rxd2 35. R1c2 Rd1+ 36. Kh2 Ra8 37. b3 Re1 38.
R2c4 Re2 39. f3 Rexa2 40. Rxb4 R2a7 41. Rc6 Kf7 42. Kg3 Rf8 43. Rbc4 Rc8 44.
Kf4 Kf6 45. e5+ Ke7 46. b4 Rb7 47. Kg5 Kd7 48. f4 Rf8 49. b5 Rf5+ 50. Kh4 Rf8
51. g4 Rc8 52. R6c5 Kd8 53. f5 Ke7 54. Kg5 Kd7 55. h4 Rb6 56. f6 gxf6+ 57. Kxf6
Rb7 58. g5 Rg8 59. h5 1-0